 Dungeon Crawl Stone Soup version 0.31.0-1-g2c135a008e (webtiles) character file.

Game seed: 4948161032087907697

143 qw the Shooter (level 5, -3/40 HPs)
             Began as a Djinni Hunter on Jan 24, 2024.
             Slain by a hound (4 damage)
             ... on level 4 of the Dungeon.
             The game lasted 00:00:10 (2490 turns).

qw the Shooter (Djinni Hunter)                      Turns: 2490, Time: 00:00:11

Health: -3/40      AC:  6    Str: 10    XL:     5   Next: 50%
Gold:   103        EV: 11    Int: 10    God:
                   SH:  0    Dex: 19

rFire   + + .        a - +2 shortbow
rCold   x . .        (shield currently unavailable)
rNeg    . . .        d - +0 ring mail
rPois   inf          (no helmet)
rElec   .            f - +0 cloak
rCorr   .            (no gloves)
SInv    +            (boots unavailable)
Will    .....        (no amulet)
Stlth   +            h - ring of see invisible
HPRegen 0.26/turn    (no ring)
MPRegen 0.00/turn

%: infuse magic (-4 HP)
@: flying
A: sickness immunity, fire resistance 2, cold vulnerability 1, float, innate
caster, HP casting, extra vitality 1
a: no special abilities


You were on level 4 of the Dungeon.
You visited 1 branch of the dungeon, and saw 4 of its levels.

You collected 103 gold pieces.


Innate Abilities, Weirdness & Mutations

You are immune to sickness and miasma.
You are immune to poison.
Your flesh is very heat resistant. (rF++)
You are vulnerable to cold. (rC-)
You float through the air rather than walking.
You learn spells naturally, not from books.
Your magical power is your life essence.
You have superior vitality. (+4 MHP)


   Skills:
 - Level 3.5 Fighting
 + Level 4.5 Ranged Weapons
 - Level 1.0 Armour
 - Level 2.1 Dodging
 - Level 0.7 Stealth


You knew the following spells:

 Your Spells              Type           Power      Damage    Failure   Level
a - Foxfire               Conj/Fire      0%         2x1d4     67%         1
b - Mercury Vapours       Alch/Air       0%         N/A       82%         2
Your spell library was empty.

Inventory:

Hand Weapons
 a - a +2 shortbow (weapon)
Armour
 d - a +0 ring mail (worn)
 f - a +0 cloak (worn)
Jewellery
 h - a ring of see invisible (left hand)
Scrolls
 b - a scroll of identify
Potions
 e - 3 potions of curing
 g - a potion of might
 j - a potion of cancellation

Dungeon Overview and Level Annotations

Branches:
Dungeon (4/15)
 Temple: D:4-7

Altars:
Hepliaklqana

Annotations:
D:4 Pikel


Message History

The arrow hits the giant cockroach!
You kill the giant cockroach!
The lemure hits you.
A hound comes into view.
Enter note:
Enter note:
2481 ||| RETREEEEATING.
Enter note:
Enter note:
2482 ||| RETREEEEATING.
The lemure attacks as it pursues you! The lemure hits you!
Enter note:
Enter note:
2483 ||| RETREEEEATING.
The lemure attacks as it pursues you! The lemure hits you.
Enter note:
Enter note:
2484 ||| RETREEEEATING.
You shoot an arrow. The arrow hits the lemure.
The lemure is heavily wounded.
The hound pauses to sniff the ground.
The lemure hits you.
You shoot an arrow. The arrow hits the lemure!
The lemure is severely wounded.
The lemure hits you. The lemure misses you.
You shoot an arrow. The arrow hits the lemure!
You kill the lemure!
That felt strangely unrewarding.
The hound bites you.
You shoot an arrow. The arrow hits the hound!
The hound is severely wounded.
The hound bites you. x2
You shoot an arrow. The arrow closely misses the hound.
The arrow hits the kobold.
You kill the kobold!
The hound bites you. The hound barely misses you.
You shoot an arrow. The arrow hits the hound.
The hound is almost dead.
The hound bites you.
You die...

#.###...[..........# #.
#.#................# #.
#.#.#..............# #.
#.#.<..............# #.
#.#................# #.
####.#................# ##
#.....................#
#.......#+####........#
#.......#@# #........####
#.....###h####............
#........$..##............
#.....#.....########......
#######.....# #......
#.....# #...... #.....#
#......
.......................
......###..........####


You could see a hound.

Vanquished Creatures
  3 lemures (D:4)
  A bombardier beetle (D:3)
  A hound (D:4)
  3 adders (D:3)
  A dart slug (D:3)
  2 ribbon worms
  2 orcs (D:3)
  2 ball pythons (D:2)
  A bat (D:2)
  5 endoplasms
  A giant cockroach (D:4)
  8 goblins
  A hobgoblin (D:3)
  2 quokkas (D:1)
  4 frilled lizards
  6 kobolds
  3 rats
  A spectral orc (D:3)
47 creatures vanquished.

Notes
Turn   | Place    | Note
-------+----------+-------------------------------------------
     0 | D:1      | qw the Djinni Hunter began the quest for the Orb.
     0 | D:1      | Reached XP level 1. HP: 18/18 MP: 0/0
     0 | D:1      | 0 ||| qw: Version: 0.3-a-136-gdd3b4e8
     0 | D:1      | 0 ||| qw: Game counter: 1253
     0 | D:1      | 0 ||| qw: Melee chars always use a shield: true
     0 | D:1      | 0 ||| qw: God list: Okawaru
     0 | D:1      | 0 ||| qw: Allow faded altars: false
     0 | D:1      | 0 ||| qw: Do Orc after clearing Dungeon:15 true
     0 | D:1      | 0 ||| qw: Do second Lair branch before Depths: true
     0 | D:1      | 0 ||| qw: Lair rune preference: random
     0 | D:1      | 0 ||| qw: Goals: Normal
     0 | D:1      | 0 ||| PLANNING D:1-11
   146 | D:1      | Reached XP level 2. HP: 23/23 MP: 0/0
   587 | D:1      | 587 ||| UPGRADING to +0 ring mail.
   597 | D:1      | 597 ||| DROPPING +0 leather armour.
   598 | D:1      | 598 ||| UPGRADING to +0 cloak.
   603 | D:1      | 603 ||| DROPPING ring of wizardry.
   604 | D:1      | 604 ||| UPGRADING to ring of see invisible.
   605 | D:1      | 605 ||| READING scroll labelled MALU UCIODUEHO.
   605 | D:1      | 605 ||| IDENTIFYING scroll labelled HARHIMI WAGA
   606 | D:1      | 606 ||| DROPPING scroll of butterflies.
   711 | D:2      | Reached XP level 3. HP: 28/28 MP: 0/0
   711 | D:2      | Learned a level 1 spell: Foxfire
   735 | D:2      | Reached skill level 1 in Armour
   981 | D:2      | Reached skill level 4 in Ranged Weapons
  1385 | D:2      | 1385 ||| READING 3 scrolls of identify.
  1385 | D:2      | 1385 ||| IDENTIFYING orange potion
  1386 | D:2      | 1386 ||| READING 2 scrolls of identify.
  1386 | D:2      | 1386 ||| IDENTIFYING pink potion
  1387 | D:2      | 1387 ||| READING scroll of identify.
  1387 | D:2      | 1387 ||| IDENTIFYING 2 lumpy sapphire potions
  1388 | D:2      | 1388 ||| READING scroll labelled DODEYRI RUATO.
  1489 | D:2      | 1489 ||| READING scroll labelled PIWNITY JAAH.
  1490 | D:2      | 1490 ||| DROPPING potion of invisibility.
  1557 | D:3      | Reached XP level 4. HP: 34/34 MP: 0/0
  1570 | D:3      | Reached skill level 3 in Fighting
  1873 | D:3      | Found a hazy altar of Hepliaklqana.
  1993 | D:3      | Reached XP level 5. HP: 40/40 MP: 0/0
  1993 | D:3      | Learned a level 2 spell: Mercury Vapours
  2180 | D:3      | 2180 ||| READING 2 scrolls of identify.
  2180 | D:3      | 2180 ||| IDENTIFYING ruby potion
  2181 | D:3      | 2181 ||| READING scroll of identify.
  2181 | D:3      | 2181 ||| IDENTIFYING fizzy silvery potion
  2182 | D:3      | 2182 ||| READING 2 scrolls labelled FANTOCO ZIMAKK.
  2183 | D:3      | 2183 ||| READING scroll labelled METOIV HOER.
  2184 | D:3      | 2184 ||| READING scroll labelled NIOMAG ENTIENERYGG.
  2184 | D:3      | 2184 ||| ENCHANTING +0 shortbow.
  2185 | D:3      | 2185 ||| DROPPING potion of attraction.
  2186 | D:3      | 2186 ||| DROPPING scroll of poison.
  2201 | D:4      | 2201 ||| PLANNING SEWER
  2202 | D:4      | Noticed a lemure
  2202 | D:4      | Noticed Pikel
  2203 | D:4      | Noticed a lemure
  2204 | D:4      | 2204 ||| RETREEEEATING.
  2205 | D:4      | Noticed a lemure
  2206 | D:4      | 2206 ||| RETREEEEATING.
  2208 | D:4      | 2208 ||| RETREEEEATING.
  2210 | D:4      | Noticed a lemure
  2214 | D:4      | Killed a lemure
  2227 | D:4      | HP: 9/40 [lemure[Pikel] (8)]
  2227 | D:4      | HP: 4/40 [lemure[Pikel] (5)]
  2228 | D:4      | 2228 ||| READING scroll of teleportation.
  2229 | D:4      | Killed a lemure
  2236 | D:4      | HP: 3/40 [hound (3)]
  2240 | D:4      | 2240 ||| FLEEEEING to unexplored (badform).
  2241 | D:4      | 2241 ||| FLEEEEING to unexplored (badform).
  2242 | D:4      | 2242 ||| FLEEEEING to unexplored (badform).
  2392 | D:4      | 2392 ||| READING scroll of enchant weapon.
  2392 | D:4      | 2392 ||| ENCHANTING +1 shortbow.
  2472 | D:4      | 2472 ||| RETREEEEATING.
  2473 | D:4      | 2473 ||| RETREEEEATING.
  2481 | D:4      | 2481 ||| RETREEEEATING.
  2482 | D:4      | 2482 ||| RETREEEEATING.
  2483 | D:4      | 2483 ||| RETREEEEATING.
  2484 | D:4      | 2484 ||| RETREEEEATING.
  2487 | D:4      | Killed a lemure
  2487 | D:4      | HP: 10/40 [hound (4)]
  2488 | D:4      | HP: 2/40 [hound (3)]
  2490 | D:4      | Slain by a hound

Levels and vault maps discovered:
D:1:      moated_graveyard_arrival, layout_basic, lemuel_flame_loot_1
D:2:      layout_basic, minmay_misc_feat_tiny
D:3:      layout_basic, nicolae_hepliaklqana_monster_ancestors,
          small_statue_intersection, minmay_misc_feat_rows
D:4:      layout_basic, mainiacjoe_overflow_small_starburst,
          mainiacjoe_sewer_entry_somewhere_in_here_1, uniq_robin, uniq_pikel

Skill      XL: |  1  2  3  4 |
---------------+-------------+-----
Armour         | 1 |  1.0
Ranged Weapons | 4 |  4.5
Fighting       | 3 |  3.5
Dodging        | |  2.1
Stealth        | |  0.7

Action                     |  1- 3 |  4- 6 || total
---------------------------+-------+-------++-------
  Melee: Unarmed           |       |    17 ||    17
   Fire: Shortbow          |    75 |    61 ||   136
    Use: Scroll            |     6 |     7 ||    13
   Stab: Confused          |       |     1 ||     1
 Armour: Ring mail         |     7 |    30 ||    37
         Skin              |       |     9 ||     9
  Dodge: Dodged            |     7 |    40 ||    47

Table legend:
 A = Non-vault XP
 B = Vault XP
 C = Vault XP percentage of total XP
 D = Non-vault monster count
 E = Vault monster count
 F = Vault count percentage of total count
                 A         B        C        D         E       F
            +---------+---------+-------+---------+---------+-------
      Total |     199 |       6 |   2.9 |      41 |       3 |   6.8
            +---------+---------+-------+---------+---------+-------
        D:1 |      20 |       0 |   0.0 |      12 |       0 |   0.0
        D:2 |      24 |       0 |   0.0 |      15 |       0 |   0.0
        D:3 |     108 |       4 |   3.6 |      12 |       2 |  14.3
        D:4 |      47 |       2 |   4.1 |       2 |       1 |  33.3
            +---------+---------+-------+---------+---------+-------
